AoeStats
← GingerChook

QS Arena

503511330Analyzed
1v1 RM · 1mo ago on Sep 1, 2026· 51m 17s· 2 players
Game mode
Random Map
Map size
Tiny (2 player)
Population
200
Speed
Normal
Resources
Standard
Victory
Conquest
Starting age
Dark Age
Ending age
Imperial Age
RankedLock teamsTeams togetherTeam positionsShared explorationLock speedFull tech treeHidden civsTurbo modeCheats
Victory
Defeat
🇦🇺 Britons · Australia
608
+15
🇫🇷 Franks · France
587
-15
alkation
10:44 Feudal Age
11:16 Double-Bit Axe
18:04 Castle Age
16:08 Stone Mining
19:10 Bow Saw
27:04 Elite Skirmisher
27:58 Pikeman
28:34 Fletching
28:44 Padded Archer Armor
28:45 Scale Mail Armor
28:55 Forging
30:54 Ballistics
32:04 Gold Mining
34:47 Imperial Age
32:55 Wheelbarrow
35:04 Hand Cart
35:26 Halberdier
36:46 Iron Casting
36:26 Chain Mail Armor
36:27 Leather Archer Armor
36:07 Bodkin Arrow
37:15 Chemistry
39:08 Murder Holes
38:57 Cavalier
40:18 Conscription
GingerChook
8:39 Feudal Age
9:15 Double-Bit Axe
9:12 Horse Collar
18:26 Castle Age
17:51 Wheelbarrow
18:01 Gold Mining
18:04 Stone Mining
18:48 Loom
19:35 Heavy Plow
20:19 Gold Shaft Mining
19:57 Bow Saw
19:39 Town Watch
22:30 Hand Cart
23:09 Fortified Wall
23:33 Treadmill Crane
24:44 Masonry
25:45 Ballistics
27:01 Murder Holes
28:07 Town Patrol
28:45 Padded Archer Armor
29:26 Yeomen
29:45 Leather Archer Armor
29:21 Fletching
34:28 Imperial Age
31:43 Man-at-Arms
32:09 Gambesons
32:25 Squires
32:11 Arson
32:50 Fervor
33:02 Sanctity
33:09 Bodkin Arrow
33:24 Forging
33:15 Scale Mail Armor
32:56 Long Swordsman
34:13 Scale Barding Armor
34:45 Husbandry
35:32 Conscription
35:22 Warwolf
34:49 Elite Longbowman
35:37 Cavalier
35:43 Two-Handed Swordsman
37:12 Architecture
38:24 Chemistry
38:05 Ring Archer Armor
39:08 Bracer
39:27 Champion
41:30 Two-Man Saw
42:42 Iron Casting
42:15 Siege Engineers
42:29 Chain Mail Armor
45:15 Pikeman
47:24 Chain Barding Armor
48:05 Blast Furnace
47:36 Plate Mail Armor
47:55 Halberdier
Connection lost

Rejoining the realm…

Still unreachable

The connection could not be restored.

Session expired

The server has moved on; the page needs a fresh start.